 Dungeon Crawl Stone Soup version 0.27-a0-1278-g6cbc8dfb29 (webtiles) character file.

Game seed: 1892788590722691676

25 ClockworkOrrery the Skirmisher (level 3, 24/24 HPs)
             Began as a Gargoyle Fighter on June 12, 2021.
             Was a Follower of Kikubaaqudgha.
             Quit the game on level 1 of the Dungeon.
             The game lasted 00:01:47 (1491 turns).

ClockworkOrrery the Skirmisher (Gargoyle Fighter)   Turns: 1491, Time: 00:01:48

Health: 24/24      AC: 11    Str: 20    XL:     3   Next: 4%
Magic:  3/3        EV:  7    Int:  8    God:    Kikubaaqudgha [*.....]
Gold:   21         SH:  9    Dex:  9    Spells: 2/2 levels left

rFire    . . .     SeeInvis .   g - +1 dagger (speed)
rCold    . . .     Faith    .   c - +0 kite shield
rNeg     + . .     Spirit   .   b - +0 scale mail
rPois    ∞         Reflect  .   (no helmet)
rElec    +         Harm     .   (no cloak)
rCorr    .         Rampage  .   f - +0 pair of gloves
Will     .....                  (no boots)
Stlth    ..........             (no amulet)
HPRegen  0.08/turn              (no ring)
MPRegen  0.08/turn              (no ring)

@: no status effects
A: sickness immunity, AC +3, negative energy resistance 1, electricity
resistance, torment resistance 1, petrification resistance
a: Renounce Religion, Receive Corpses


You were on level 1 of the Dungeon.
You worshipped Kikubaaqudgha.
Kikubaaqudgha was aware of your devotion.
You visited 1 branch of the dungeon, and saw 1 of its levels.

You collected 21 gold pieces.

Inventory:

Hand Weapons
 a - a +0 flail
 g - a +1 dagger of speed (weapon)
Armour
 b - a +0 scale mail (worn)
 c - a +0 kite shield (worn)
 f - a +0 pair of gloves (worn)
Scrolls
 e - a scroll of identify {unknown}
Potions
 d - a potion of might


   Skills:
 * Level 3.8 Fighting
 - Level 2.2 Maces & Flails
 + Level 3.4 Armour
 + Level 0.5 Dodging
 + Level 3.5 Shields


You had 2 spell levels left.
You didn't know any spells.
Your spell library contained the following spells:

 Spells                   Type           Power      Damage    Failure   Level
 Animate Skeleton         Necr           0%         N/A       99%         1
 Pain                     Necr           0%         1d4       99%         1
 Corpse Rot               Necr/Air       N/A        N/A       100%        2
 Vampiric Draining        Necr           0%         2d6       100%        3


Dungeon Overview and Level Annotations

Branches:
Dungeon (1/15)

Altars:
Kikubaaqudgha


Innate Abilities, Weirdness & Mutations

You are immune to sickness and miasma.
Your stone body is resilient. (AC +3)
You are immune to poison.
You resist negative energy. (rN+)
You are resistant to electric shocks. (rElec)
You are resistant to unholy torment.
You are immune to petrification.


Message History

A frilled lizard comes into view.
The frilled lizard hisses angrily.
The frilled lizard bites you but does no damage.
You closely miss the frilled lizard. You closely miss the frilled lizard.
The frilled lizard barely misses you.
You completely miss the frilled lizard. You block the frilled lizard's attack.
You barely miss the frilled lizard. You block the frilled lizard's attack.
You hit the frilled lizard.
You kill the frilled lizard!
No target in view!
No target in view!
No target in view!
No target in view!
No target in view!
No target in view!
No target in view!
No target in view!
No target in view!
No target in view!
No target in view!
No target in view!
There is a stone staircase leading down here.
You see here 22 stones.
Found a faded altar of an unknown god.
There is a faded altar of an unknown god here.
Done exploring.
There is a faded altar of an unknown god here.
You cannot tell which god this altar belongs to.
Convert to them anyway?
Okay, then.
You cannot tell which god this altar belongs to.
Convert to them anyway?
Kikubaaqudgha accepts your prayer! Kikubaaqudgha welcomes you!
You can now receive cadavers from Kikubaaqudgha.
You see here Kikubaaqudgha's Almanac of Unholy Arts.
Kikubaaqudgha grants you a gift!
You pick up Kikubaaqudgha's Almanac of Unholy Arts and begin reading...
You add the spells Animate Skeleton, Pain, Corpse Rot and Vampiric Draining to your library.
You offer a prayer to Kikubaaqudgha.
Done exploring.
Are you sure you want to abandon this character and quit the game? (Confirm with "yes".)

..#......###..##.#..##.# #.##..#
.##.#.........##.#..##.###.##..#
.##.#####...#.##....##......#..##
.#..[.......#.###...######......#
.##..###....#.♣ #..♣..#♣##.######
......##......♣ ♣♣♣♣♣♣.♣...#
#.....##......♣♣♣.♣♣♣♣♣....#
...#.###....#.♣♣.♣♣♣.♣♣.(..#
#.##.......##..♣@...♣.♣.♣.##
..............♣♣♣♣..♣.♣...#
#..............♣♣.♣♣♣.♣♣..#
##..........#.♣♣♣.♣♣.♣♣..##
#.÷.........#..♣♣♣♣♣♣..♣.#
#..#.##.......♣♣.♣ ♣.♣♣##
#..#.............♣♣♣♣♣♣.#
.....#..#...##.........##
###..#..#...###.#..#..##


There were no monsters in sight!

Vanquished Creatures
  3 ball pythons (D:1)
  2 giant cockroaches (D:1)
  2 goblins (D:1)
  3 hobgoblins (D:1)
  4 jackals (D:1)
  A quokka (D:1)
  2 bats (D:1)
  A frilled lizard (D:1)
  A kobold (D:1)
  3 rats (D:1)
22 creatures vanquished.

Notes
Turn   | Place    | Note
-------+----------+-------------------------------------------
     0 | D:1      | ClockworkOrrery the Gargoyle Fighter began the quest for
                  | the Orb.
     0 | D:1      | Reached XP level 1. HP: 14/14 MP: 1/1
    56 | D:1      | Reached XP level 2. HP: 10/19 MP: 2/2
  1346 | D:1      | Reached XP level 3. HP: 19/24 MP: 3/3
  1479 | D:1      | Found a faded altar of an unknown god.
  1489 | D:1      | Became a worshipper of Kikubaaqudgha
  1489 | D:1      | Reached * piety under Kikubaaqudgha
  1489 | D:1      | Identified Kikubaaqudgha's Almanac of Unholy Arts
                  | (Kikubaaqudgha gifted it to you on level 1 of the Dungeon)
  1489 | D:1      | Received a gift from Kikubaaqudgha
  1491 | D:1      | Quit the game

Illustrated notes

Levels and vault maps discovered:
D:1:      minmay_arrival_three_doors, layout_basic,
          chequers_ecumenical_altar_grove

Action                   || total
-------------------------++-------
Melee: Flail             ||   102
       Dagger            ||    13
Armor: Scale mail        ||    96
Dodge: Dodged            ||    55
Block: Kite shield       ||    69

Table legend: (Time is in decaauts)
 A = Elapsed time spent in this place.
 B = Non-inter-level travel time spent in this place.
 C = Inter-level travel time spent in this place.
 D = Time resting spent in this place.
 E = Time spent auto-exploring this place.
 F = Levels seen in this place.
 G = Mean time per level.
                   A        B        C        D        E       F      G
               +--------+--------+--------+--------+--------+-----+--------+
         Total |   1544 |   1544 |      0 |    415 |    885 |   1 | 1544.0 |
       Dungeon |   1544 |   1544 |      0 |    415 |    885 |   1 | 1544.0 |
               +--------+--------+--------+--------+--------+-----+--------+

Top non-repeatable levels by time:
     D:1: 1544 daAuts
